 Dungeon Crawl Stone Soup version 0.28-a0-60-g54b5640690 (webtiles) character file.

Game seed: 449813680921149170

113 rogsnak the Firebug (level 4, -2/31 HPs)
             Began as a Demonspawn Fire Elementalist on July 31, 2021.
             Slain by Crazy Yiuf (17 damage)
             ... on level 2 of the Dungeon.
             The game lasted 00:04:28 (2765 turns).

rogsnak the Firebug (Demonspawn Fire Elementalist)  Turns: 2765, Time: 00:04:28

Health: -2/31      AC:  4    Str:  8    XL:     4   Next: 65%
Magic:  3/8        EV: 12    Int: 17    God:
Gold:   65         SH:  0    Dex: 14    Spells: 7/8 levels left

rFire   . . .      SeeInvis .   c - +0 mace
rCold   . . .      Faith    .   (no shield)
rNeg    . . .      Spirit   .   a - +0 robe
rPois   .          Reflect  .   (no helmet)
rElec   .          Harm     .   (no cloak)
rCorr   .          Rampage  .   (no gloves)
Will    .....                   (no boots)
Stlth   ++........              (no amulet)
HPRegen 0.10/turn               (no ring)
MPRegen 0.11/turn               (no ring)

@: no status effects
A: icy blue scales 1, foul stench 1
a: no special abilities


You were on level 2 of the Dungeon.
You visited 1 branch of the dungeon, and saw 2 of its levels.

You collected 65 gold pieces.

Inventory:

Hand Weapons
 c - a +0 mace (weapon)
 i - a +3 spectral club
Missiles
 b - 135 stones
Armour
 a - a +0 robe (worn)
Scrolls
 e - a scroll of noise {unknown}
 g - a scroll of identify {unknown}
 h - a scroll of immolation {unknown}
 k - a scroll of teleportation {unknown}
Potions
 d - a potion of heal wounds {unknown}
 f - a potion of might {unknown}
 j - a potion of brilliance {unknown}


   Skills:
 + Level 0.4 Fighting
 - Level 1.3 Maces & Flails
 + Level 2.0 Dodging
 - Level 2.0 Stealth
 - Level 0.6 Unarmed Combat
 + Level 2.8 Spellcasting
 * Level 1.5 Conjurations
 + Level 3.5 Fire Magic


You had 7 spell levels left.
You knew the following spells:

 Your Spells              Type           Power      Damage    Failure   Level
a - Foxfire               Conj/Fire      40%        2x1d6     6%          1

Your spell library contained the following spells:

 Spells                   Type           Power      Damage    Failure   Level
 Animate Skeleton         Necr           4%         N/A       19%         1
 Pain                     Necr           8%         1d4       19%         1
 Conjure Flame            Conj/Fire      10%        6-21      19%         3
 Slow                     Hex            2%         N/A       26%         2
 Inner Flame              Hex/Fire       8%         N/A       26%         3
 Confusing Touch          Hex            2%         N/A       47%         3
 Gell's Gravitas          Tloc           1%         N/A       47%         3
 Teleport Other           Tloc           2%         N/A       47%         3
 Vampiric Draining        Necr           1%         2d6       47%         3
 Sticky Flame             Conj/Fire      10%        2d3       54%         4
 Fireball                 Conj/Fire      5%         3d5       87%         5
 Dispersal                Tloc           1%         N/A       100%        6


Dungeon Overview and Level Annotations

Branches:
Dungeon (2/15)

Altars:

Annotations:
D:2 Crazy Yiuf


Innate Abilities, Weirdness & Mutations

You are partially covered in icy blue scales. (AC +2)
You may rarely emit foul miasma when damaged in melee.


Message History

The foxfire hits the bat.
You kill the bat!
You open the door.
Casting: Foxfire (safe; 6% risk of failure)
Confirm with . or Enter, or press ? or * to list all spells.
You conjure some foxfire!
Crazy Yiuf yells, "Seed!"
The foxfire hits Crazy Yiuf but does no damage.
Unknown command.
Your foxfire dissipates!
Casting: Foxfire (safe; 6% risk of failure)
Confirm with . or Enter, or press ? or * to list all spells.
You conjure some foxfire!
The foxfire hits Crazy Yiuf.
Crazy Yiuf is lightly wounded.
Unknown command.
Casting: Foxfire (safe; 6% risk of failure)
Confirm with . or Enter, or press ? or * to list all spells.
You conjure some foxfire!
Unknown command.
Casting: Foxfire (safe; 6% risk of failure)
Confirm with . or Enter, or press ? or * to list all spells.
You conjure some foxfire!
The foxfire hits Crazy Yiuf.
Crazy Yiuf is moderately wounded.
The foxfire hits Crazy Yiuf.
Crazy Yiuf is heavily wounded.
Crazy Yiuf hits you with a +4 quarterstaff of chaos!
Crazy Yiuf burns you.
Casting: Foxfire (safe; 6% risk of failure)
Confirm with . or Enter, or press ? or * to list all spells.
You conjure some foxfire!
Crazy Yiuf misses you.
Unknown command.
Casting: Foxfire (safe; 6% risk of failure)
Confirm with . or Enter, or press ? or * to list all spells.
You conjure some foxfire!
The foxfire hits Crazy Yiuf.
Crazy Yiuf is severely wounded.
The foxfire hits Crazy Yiuf but does no damage.
Crazy Yiuf is severely wounded.
Crazy Yiuf hits you with a +4 quarterstaff of chaos!
Ouch! That really hurt!
You die...

.# #.###.#.##)# .#####.#
##.###.# .......# #.# #.#
>#####.# #.# ### .# #.####.#
### .# ###....#.# ###♣♣♣♣♣
#.# .# #......#.###....♣.♣♣♣
### #..
.###...........vvP..♣.g♣#...#
#..
............#..§@P.♣♣♣♣.'...#
### ##.#.......###.§.g♣♣
♣♣#..)# #.#......## ####♣♣
### ##.##..##.######
..<......).....#
.####..........##### ### .#
#.....#####.##.# #.# .#
##..........##.#####.# .#
#....###............#


You could see Crazy Yiuf (ally target).

Vanquished Creatures
  Jessica (D:2)
  Terence (D:2)
  An adder (D:2)
  2 worms (D:2)
  A ball python (D:1)
  8 bats
  3 endoplasms
  2 giant cockroaches
  6 goblins
  7 hobgoblins
  3 quokkas (D:1)
  A frilled lizard (D:2)
  8 kobolds
  4 rats
48 creatures vanquished.

Vanquished Creatures (collateral kills)
  3 foxfires (D:2)
3 creatures vanquished.

Vanquished Creatures (others)
  149 foxfires
149 creatures vanquished.

Grand Total: 200 creatures vanquished

Notes
Turn   | Place    | Note
-------+----------+-------------------------------------------
     0 | D:1      | rogsnak the Demonspawn Fire Elementalist began the quest
                  | for the Orb.
     0 | D:1      | Reached XP level 1. HP: 13/13 MP: 3/3
   266 | D:1      | Reached skill level 3 in Fire Magic
   361 | D:1      | Gained mutation: You may rarely emit foul miasma when
                  | damaged in melee. [demonic ancestry]
   361 | D:1      | Reached XP level 2. HP: 19/19 MP: 0/5
  1149 | D:1      | Reached XP level 3. HP: 24/24 MP: 0/6
  1597 | D:2      | Found a runed translucent door.
  1598 | D:2      | Noticed Crazy Yiuf
  2043 | D:2      | Reached skill level 1 in Maces & Flails
  2074 | D:2      | Noticed Jessica
  2075 | D:2      | Found a faded altar of an unknown god.
  2082 | D:2      | Killed Jessica
  2083 | D:2      | Gained mutation: You are partially covered in icy blue
                  | scales. (AC +2) [demonic ancestry]
  2083 | D:2      | Reached XP level 4. HP: 30/30 MP: 0/7
  2341 | D:2      | Noticed Terence
  2349 | D:2      | Killed Terence
  2765 | D:2      | Slain by Crazy Yiuf

Illustrated notes

Levels and vault maps discovered:
D:1:      dpeg_arrival_morbid_curiosity, layout_rooms, minmay_quantized
D:2:      layout_loops_ring, hellmonk_ecumenical_altar_leap_of_faith,
          uniq_terence, uniq_crazy_yiuf_cottage, uniq_jessica

Skill      XL: |  1  2  3  4 |
---------------+-------------+-----
Fire Magic     | 3 |  3.5
Maces & Flails | 1 |  1.3
Dodging        | 2 |  2.0
Stealth        | 2 |  2.0
Fighting       | |  0.4
Unarmed Combat | |  0.6
Spellcasting   | |  2.8
Conjurations   | |  1.5

Action                   |  1- 3 |  4- 6 || total
-------------------------+-------+-------++-------
Melee: Unarmed           |     2 |       ||     2
       Mace              |    36 |     8 ||    44
 Cast: Foxfire           |    82 |    20 ||   102
 Stab: Sleeping          |     1 |     1 ||     2
Armor: Robe              |    10 |     6 ||    16
Dodge: Dodged            |    39 |     6 ||    45

Table legend: (Time is in decaauts)
 A = Elapsed time spent in this place.
 B = Non-inter-level travel time spent in this place.
 C = Inter-level travel time spent in this place.
 D = Time resting spent in this place.
 E = Time spent auto-exploring this place.
 F = Levels seen in this place.
 G = Mean time per level.
                   A        B        C        D        E       F      G
               +--------+--------+--------+--------+--------+-----+--------+
         Total |   2780 |   2700 |     80 |     50 |   2208 |   2 | 1390.0 |
       Dungeon |   2780 |   2700 |     80 |     50 |   2208 |   2 | 1390.0 |
               +--------+--------+--------+--------+--------+-----+--------+

Top non-repeatable levels by time:
     D:1: 1476 daAuts
     D:2: 1303 daAuts
